 Dungeon Crawl Stone Soup version 0.29-a0-857-g9b1aa3ac5b (webtiles) character file.

Game seed: 4785479532939951999

125 mcwallace the Grave Robber (level 5, -1/50 HPs)
             Began as an Ogre Necromancer on July 16, 2022.
             Slain by an orc wizard
             ... wielding a +0 whip
              (3 damage)
             ... on level 3 of the Dungeon.
             The game lasted 00:06:39 (2249 turns).

mcwallace the Grave Robber (Ogre Necromancer)       Turns: 2249, Time: 00:06:39

Health: -1/50      AC:  3    Str: 12    XL:     5   Next: 9%
Magic:  2/10       EV: 10    Int: 18    God:
Gold:   63         SH:  0    Dex:  9    Spells: 9/10 levels left

rFire   . . .      SeeInvis .   h - +0 dagger {short}
rCold   . . .      Faith    .   (no shield)
rNeg    . . .      Spirit   .   a - +0 robe
rPois   .          Reflect  .   (helmet restricted)
rElec   .          Harm     .   (no cloak)
rCorr   .          Rampage  .   (gloves unavailable)
Will    .....                   (boots unavailable)
Stlth   ++........              (no amulet)
HPRegen 0.16/turn               (no ring)
MPRegen 0.12/turn               (no ring)

@: no status effects
A: large, unfitting armour, tough skin 1
a: no special abilities


You were on level 3 of the Dungeon.
You visited 1 branch of the dungeon, and saw 3 of its levels.

You collected 63 gold pieces.


Innate Abilities, Weirdness & Mutations

You are too large for most types of armour.
You have tough skin. (AC +1)


   Skills:
 + Level 2.4 Fighting
 + Level 2.5 Dodging
 + Level 2.2 Stealth
 + Level 3.3 Spellcasting
 + Level 4.0 Necromancy


You had 9 spell levels left.
You knew the following spells:

 Your Spells              Type           Power      Damage    Failure   Level
a - Necrotise             Necr           68%        1d7       3%          1

Your spell library contained the following spells:

 Spells                   Type           Power      Damage    Failure   Level
 Vampiric Draining        Necr           17%        2d7       9%          3
 Animate Dead             Necr           17%        N/A       28%         4
 Agony                    Necr           17%        N/A       63%         5

Inventory:

Hand Weapons
 h - a +0 dagger (weapon) {short}
   (You took it off a goblin on level 1 of the Dungeon)
Missiles
 c - 26 stones {throwing}
Armour
 a - a +0 robe (worn)
 m - a +0 robe
   (You found it on level 2 of the Dungeon)
Scrolls
 d - a scroll of fog {unknown}
 g - a scroll of enchant weapon {unknown}
 i - a scroll of enchant armour {unknown}
 j - 4 scrolls of teleportation {@r4}
 k - a scroll of poison {unknown}
 n - a scroll of identify {unknown}
Potions
 b - a potion of magic
 e - a potion of lignification {unknown}
 f - a potion of brilliance {unknown}
 l - a potion of curing {unknown}

Dungeon Overview and Level Annotations

Branches:
Dungeon (3/15) Zot: 15748

Altars:

Annotations:
D:2 Sigmund

.# #. .. ##.####
......# ##.P≈)..#
#)≈.)≈P.## #{♣♣ ..
#@Z# .# ##.####.#
##......#
#......##
#######.####.#
...........#.# .
######.##.#.##P..♣
#.......P...≈.
#.........♣≈≈≈


You could see a friendly orc skeleton.


Message History

Press: ? - help, Q - select action, (/) - cycle Shift-Dir - straight line, f/p - orc
Aim: an orc, wielding a +0 short sword (heavily wounded, chance to affect: 87%)
The orc writhes in agony.
You hear a splashing noise.
Your orc priest skeleton barely misses the orc.
The orc hits you but does no damage. 😕 MP[-1]
You lost 1 mp, and now have 1/9 mp.
Aiming: Necrotise (safe; 3% risk of failure)
Press: ? - help, Q - select action, (/) - cycle Shift-Dir - straight line, f/p - orc
Aim: an orc, wielding a +0 short sword (severely wounded, ally target, chance to affect: 87%)
The orc writhes in agony.
You kill the orc!
The dead are walking!
You hear some strange, mumbled words.
A magic dart appears from out of thin air!
The magic dart hits you. 😕 HP[-6] MP[-1]
You take 6 damage, and now have 38/50 hp.
Something hits you. 😮 HP[-3]
You take 3 damage, and now have 35/50 hp.
You barely miss something.
Something hits you but does no damage. 😮 HP[+1] Unknown command.
You hit something but do no damage. Something hits you. 😮 HP[-6]
You take 6 damage, and now have 30/50 hp.
You miss something. Something hits you. 😮 HP[-3]
You take 3 damage, and now have 27/50 hp.
You miss something.
You hear a splashing noise.
You miss something.
You hear some strange, mumbled words.
You are confused.
Are you sure you want to stumble around while confused and next to your orc priest skeleton? [Y]es or [N]o only, please.
Are you sure you want to stumble around while confused and next to your orc priest skeleton? [Y]es or [N]o only, please.
Are you sure you want to stumble around while confused and next to your orc priest skeleton? [Y]es or [N]o only, please.
Are you sure you want to stumble around while confused and next to your orc priest skeleton? [Y]es or [N]o only, please.
Are you sure you want to stumble around while confused and next to your orc priest skeleton? [Y]es or [N]o only, please.
Are you sure you want to stumble around while confused and next to your orc priest skeleton?
Okay, then.
Something hits you.
* * * LOW HITPOINT WARNING * * *
😨 HP[-3] MP[+1]
You take 3 damage, and now have 24/50 hp.
Your orc priest skeleton crumbles into dust!
You hear some strange, mumbled words.
A puff of flame appears from out of thin air!
The puff of flame hits you!
* * * LOW HITPOINT WARNING * * *
😨 HP[-8]
You take 8 damage, and now have 16/50 hp.
Are you sure you want to stumble around while confused and next to your orc skeleton? [Y]es or [N]o only, please.
Are you sure you want to stumble around while confused and next to your orc skeleton? [Y]es or [N]o only, please.
Are you sure you want to stumble around while confused and next to your orc skeleton?
Okay, then.
Are you sure you want to stumble around while confused and next to your orc skeleton?
You bump into the rock wall.
Something hits you.
* * * LOW HITPOINT WARNING * * *
😨 HP[-3]
You take 3 damage, and now have 13/50 hp.
Are you sure you want to stumble around while confused and next to your orc skeleton?
Okay, then.
Are you sure you want to stumble around while confused and next to your orc skeleton?
You bump into the rock wall.
Something hits you.
* * * LOW HITPOINT WARNING * * *
😱 HP[-2]
You take 2 damage, and now have 11/50 hp.
Are you sure you want to stumble around while confused and next to your orc skeleton?
Are you sure you want to stumble around while confused and next to your orc skeleton?
You bump into the rock wall.
Something hits you.
* * * LOW HITPOINT WARNING * * *
😱 HP[-4]
You take 4 damage, and now have 7/50 hp.
You're too confused to cast spells.
Are you sure you want to stumble around while confused and next to your orc skeleton?
You bump into the rock wall.
You feel less confused. Something hits you.
* * * LOW HITPOINT WARNING * * *
😱 HP[-3]
You take 3 damage, and now have 4/50 hp.
You hit something. Something hits you.
* * * LOW HITPOINT WARNING * * *
There is a strange disturbance nearby! 😱 HP[-3]
You take 3 damage, and now have 1/50 hp.
You miss something.
Something hits you but does no damage. 😱 HP[+1] MP[+1]
You miss something. Something hits you.
You die...

Skill      XL: |  1  2  3  4 |
---------------+-------------+-----
Dodging        | 2 |  2.5
Fighting       | 1 2 |  2.4
Stealth        | 2 |  2.2
Spellcasting   | 3 |  3.3
Necromancy     | 4 |  4.0

Action                   |  1- 3 |  4- 6 || total
-------------------------+-------+-------++-------
Melee: Unarmed           |     8 |       ||     8
       Dagger            |     6 |     8 ||    14
 Cast: Necrotise         |    47 |    31 ||    78
  Use: Scroll            |       |     1 ||     1
Armor: Robe              |     8 |     8 ||    16
Dodge: Dodged            |    20 |     6 ||    26

Levels and vault maps discovered:
D:1:      dpeg_arrival_prison, layout_basic,
          hellmonk_ecumenical_altar_arch_garden, minmay_lizard_pond
D:2:      layout_loops_ring, chequers_garden, minmay_cupped, uniq_sigmund
D:3:      layout_loops_cross, mainiacjoe_overflow_paths, serial_bayou,
          serial_bayou_pond_e, serial_bayou_pond_e, serial_bayou_pond_a,
          serial_bayou_pond_c

Notes
Turn   | Place    | Note
-------+----------+-------------------------------------------
     0 | D:1      | mcwallace the Ogre Necromancer began the quest for the Orb.
     0 | D:1      | Reached XP level 1. HP: 16/16 MP: 3/3
     0 | D:1      | magus.rc [v1.9.6]
   261 | D:1      | Reached XP level 2. HP: 26/26 MP: 3/5
   282 | D:1      | Reached skill level 2 in Dodging
   437 | D:1      | Found a faded altar of an unknown god.
   530 | D:1      | Reached skill level 1 in Fighting
   829 | D:1      | Reached XP level 3. HP: 33/33 MP: 5/7
  1472 | D:1      | Reached skill level 2 in Stealth
  1472 | D:1      | Reached skill level 3 in Spellcasting
  1472 | D:1      | Reached XP level 4. HP: 42/42 MP: 2/8
  1527 | D:1      | Reached skill level 2 in Fighting
  1650 | D:2      | Reached skill level 4 in Necromancy
  1727 | D:2      | Noticed Sigmund
  2225 | D:3      | Reached XP level 5. HP: 43/50 MP: 1/9
  2243 | D:3      | HP: 11/50 [something (2)]
  2246 | D:3      | HP: 4/50 [something (3)]
  2247 | D:3      | HP: 1/50 [something (3)]
  2249 | D:3      | Slain by an orc wizard

Vanquished Creatures
  A jelly (D:1)
  An orc priest (D:3)
  An adder (D:1)
  2 dart slugs
  2 orcs (D:3)
  4 ball pythons
  A bat (D:1)
  7 endoplasms
  2 giant cockroaches (D:1)
  5 goblins
  4 hobgoblins
  2 kobolds (D:3)
  A quokka (D:1)
  4 frilled lizards
  3 rats
40 creatures vanquished.

Vanquished Creatures (collateral kills)
  2 endoplasms (D:1)
  A goblin (D:1)
  A hobgoblin (D:1)
  3 frilled lizards (D:1)
7 creatures vanquished.

Vanquished Creatures (others)
  3 fungi (D:1)
3 creatures vanquished.

Grand Total: 50 creatures vanquished

Table legend:
 A = Non-vault XP
 B = Vault XP
 C = Vault XP percentage of total XP
 D = Non-vault monster count
 E = Vault monster count
 F = Vault count percentage of total count
                 A         B        C        D         E       F
            +---------+---------+-------+---------+---------+-------
      Total |     173 |       6 |   3.4 |      41 |       6 |  12.8
            +---------+---------+-------+---------+---------+-------
        D:1 |     106 |       6 |   5.4 |      27 |       6 |  18.2
        D:2 |      17 |       0 |   0.0 |       9 |       0 |   0.0
        D:3 |      50 |       0 |   0.0 |       5 |       0 |   0.0
            +---------+---------+-------+---------+---------+-------

Illustrated notes

Table legend:
 A = Kills in this place as a percentage of kills in entire the game.
 B = Kills by you in this place as a percentage of kills by you in the entire game.
 C = Kills by friends in this place as a percentage of kills by friends in the entire game.
 D = Other kills in this place as a percentage of other kills in the entire game.
 E = Experience gained in this place as a percentage of experience gained in the entire game.
 F = Experience gained in this place divided by the number of levels of this place that you have seen.
                   A       B       C       D       E      F
               +-------+-------+-------+-------+-------+----------------------
         Total | 100.0 | 100.0 | 100.0 |   N/A | 100.0 |  59.7
       Dungeon | 100.0 | 100.0 | 100.0 |   N/A | 100.0 |  59.7
               +-------+-------+-------+-------+-------+----------------------

Table legend: (Time is in decaauts)
 A = Elapsed time spent in this place.
 B = Non-inter-level travel time spent in this place.
 C = Inter-level travel time spent in this place.
 D = Time resting spent in this place.
 E = Time spent auto-exploring this place.
 F = Levels seen in this place.
 G = Mean time per level.
                   A        B        C        D        E       F      G
               +--------+--------+--------+--------+--------+-----+--------+
         Total |   2250 |   2171 |     79 |    295 |   1507 |   3 |  750.0 |
       Dungeon |   2250 |   2171 |     79 |    295 |   1507 |   3 |  750.0 |
               +--------+--------+--------+--------+--------+-----+--------+

Top non-repeatable levels by time:
     D:1: 1833 daAuts
     D:2: 224 daAuts
     D:3: 192 daAuts
